 Dungeon Crawl Stone Soup version 0.18-a0-1745-gffa9a88 (webtiles) character file.

2688 Gorice the Destroyer (level 9, -3/57 HPs)
             Began as a Demonspawn Air Elementalist on Apr 10, 2016.
             Was a Believer of Vehumet.
             Slain by a wraith (6 damage)
             ... on level 8 of the Dungeon on Apr 11, 2016.
             The game lasted 01:06:13 (9602 turns).

Gorice the Destroyer (Demonspawn Air Elementalist)  Turns: 9602, Time: 01:06:14

Health: -3/57      AC:  7    Str: 11    XL:     9   Next: 38%
Magic:  8/17       EV: 12    Int: 22    God:    Vehumet [**....]
Gold:   364        SH:  0    Dex: 15    Spells: 4 memorised, 11 levels left

rFire  + . .     SeeInvis .     B - +2 blowgun "Toengiak" {speed, rF+ Int+2 Stlth-}
rCold  + . .     Gourm    +     S - +2 robe {Archmagi}
rNeg   . . .     Faith    .     (no shield)
rPois  .         Spirit   .     O - +0 helmet
rElec  .         Dismiss  .     (no cloak)
rCorr  .         Reflect  .     X - +1 pair of gloves {archery}
SustAt .         Harm     .     (no boots)
MR     +....                    C - amulet of the gourmand
Stlth  +.........               P - ring of flight
                                t - ring of protection from magic

@: very slightly contaminated, slowed, repel missiles, very slow, somewhat
resistant to hostile enchantments, very unstealthy
A: claws 1, thin skeletal structure 1, cold resistance 1, powered by death 1,
strong 1
a: Renounce Religion, Evoke Flight


You were on level 8 of the Dungeon.
You worshipped Vehumet.
Vehumet was pleased with you.
You were completely stuffed.

You visited 2 branches of the dungeon, and saw 9 of its levels.

You collected 364 gold pieces.

Inventory:

Hand Weapons
 a - a +0 hand axe of chopping
   (You found it on level 5 of the Dungeon)
 b - a +0 hunting sling
 A - a +0 great sword
 B - the +2 blowgun "Toengiak" (weapon) {speed, rF+ Int+2 Stlth-}
   (You found it on level 7 of the Dungeon)

   Attacks with this weapon are significantly faster.
   It affects your intelligence (+2).
   It protects you from fire.
   It makes you less stealthy.
 I - a +0 whip
 Q - a +0 falchion
 Y - a cursed -1 whip
Missiles
 u - 55 poisoned needles (quivered)
 F - 25 sling bullets
 Z - 143 stones
Armour
 e - a cursed +0 robe
 O - a +0 helmet (worn)
 S - a +2 robe of the Archmagi (worn)
   (You took it off an orc wizard on level 7 of the Dungeon)
 X - a +1 pair of gloves of archery (worn)
   (You found it on level 8 of the Dungeon)
Jewellery
 t - a ring of protection from magic (left hand)
 C - an amulet of the gourmand (around neck)
 E - an uncursed amulet of rage
 H - an uncursed ring of ice
 P - a ring of flight (right hand)
Wands
 f - a wand of iceblast (3/15)
 g - a wand of digging (8/24)
 y - a wand of lightning (9/15)
 V - a wand of iceblast (7/15)
Scrolls
 i - 4 scrolls of remove curse
 p - 2 scrolls of recharging
 r - 2 scrolls of amnesia
 v - 2 scrolls of magic mapping {!r}
 z - 2 scrolls of teleportation {unknown}
 M - a scroll of enchant weapon {unknown}
 T - 2 scrolls of fog {unknown}
 W - a scroll of enchant armour {unknown}
Potions
 k - a potion of curing
 l - a potion of cure mutation {!q}
 m - a potion of agility {!q}
 o - 3 potions of brilliance {!q}
 s - 2 potions of cancellation {!q}
 x - a potion of flight {unknown}
 D - a potion of haste {unknown}
 G - 2 potions of lignification {unknown}
 L - a potion of mutation {unknown}
 N - 2 potions of magic {unknown}
 U - a potion of might {unknown}
Books
 d - a Necronomicon
 j - a book of Air
 K - a book of Transfigurations
Comestibles
 c - 5 bread rations {!e}
 h - 2 fruits
 n - 3 beef jerkies
 q - 2 slices of pizza
 w - 5 meat rations {!e}
 R - 11 chunks of flesh


   Skills:
 - Level 2.3 Throwing
 - Level 1.7 Dodging
 - Level 1.7 Stealth
 + Level 5.6 Spellcasting
 * Level 8.0 Conjurations
 * Level 7.6 Air Magic


You had 11 spell levels left.
You knew the following spells:

 Your Spells              Type           Power        Failure   Level  Hunger
a - Shock                 Conj/Air       ####         1%          1    None
b - Static Discharge      Conj/Air       ######..     1%          3    ##.....
M - Repel Missiles        Chrm/Air       ####..       3%          2    None
S - Swiftness             Chrm/Air       ####....     3%          2    None


Dungeon Overview and Level Annotations

Branches:
Dungeon (8/15)             Temple (1/1) D:4
   Lair: D:8-11

Altars:
Ashenzari
Cheibriados
Dithmenos
Elyvilon
Fedhas
Gozag
Kikubaaqudgha
Makhleb
Okawaru
Pakellas
Qazlal
Ru
Sif Muna
Vehumet
Xom
Zin
The Shining One

Annotations:
D:5 4 runed doors, exclusion: steam dragon, Eustachio
D:6 pUX: tough level!, Edmund; Grinder; Menkaure; vev's ghost, novice OgAM


Innate Abilities, Weirdness & Mutations

You have sharp fingernails.
You have a somewhat thin skeletal structure (Dex +2, Stealth).
Your flesh is cold resistant.
You regenerate a little health from kills.
Your muscles are strong. (Str +2)


Message History

You feel a surge of power!
The zap hits the wraith.
The wraith appears unharmed.
The wraith is almost destroyed.
The wraith hits you!
* * * LOW HITPOINT WARNING * * *
The wraith drains your vigour!
You feel yourself slow down.
Damage: 14 (max 14) Drink which item? (? for menu, Esc to quit)
You feel better. The wraith barely misses you. The wraith hits you.
* * * LOW HITPOINT WARNING * * *
The wraith drains your vigour!
You feel as though you will be slow longer.
A wraith is nearby!
Casting: Shock
Confirm with . or Enter, or press ? or * to list all spells.
Aiming: Shock
Press: ? - help, Shift-Dir - straight line, f/p - wraith
Aim: a wraith (almost destroyed)
You feel a surge of power!
The zap misses the wraith.
The wraith barely misses you.
Casting: Shock
Confirm with . or Enter, or press ? or * to list all spells.
Aiming: Shock
Press: ? - help, Shift-Dir - straight line, f/p - wraith
Aim: a wraith (almost destroyed)
You feel a surge of power!
The zap misses the wraith.
The wraith completely misses you. The wraith hits you.
* * * LOW HITPOINT WARNING * * *
The wraith drains your vigour!
You feel as though you will be slow longer.
Damage: 1 (max 14)
Casting: Shock
Confirm with . or Enter, or press ? or * to list all spells.
Aiming: Shock
Press: ? - help, Shift-Dir - straight line, f/p - wraith
Aim: a wraith (almost destroyed)
You feel a surge of power!
The zap misses the wraith.
The wraith hits you.
* * * LOW HITPOINT WARNING * * *
Damage: 2 (max 14)
Casting: Shock
Confirm with . or Enter, or press ? or * to list all spells.
Aiming: Shock
Press: ? - help, Shift-Dir - straight line, f/p - wraith
Aim: a wraith (almost destroyed)
You feel a surge of power!
The zap misses the wraith.
The wraith hits you!
* * * LOW HITPOINT WARNING * * *
The wraith drains your vigour!
You feel as though you will be slow longer.
The wraith hits you.
You die...

........'..### ##.#########.#
+#+#+#'###...#.##...........#
#. #8...#.##[......#####
######.....###.####.# #..#
##..### #.# #.# #..# #..# #(#
#.# #######..####..# #.# #.#
...............#####.# #.#
##############..@W...####ยง#
#............# ##############


You could see a wraith.

Vanquished Creatures
  A water moccasin (D:8)
  An ice beast (D:5)
  2 ogres
  2 black bears (D:7)
  2 phantoms (D:8)
  2 centaurs
  A crocodile (D:8)
  A giant frog (D:8)
  A scorpion (D:5)
  6 killer bees (D:8)
  2 howler monkeys
  A giant frog zombie (D:8)
  2 crimson imps
  A centaur zombie (D:5)
  3 hounds
  9 orc priests
  5 orc wizards
  2 giant frog skeletons
  2 iguanas
  4 worker ants
  A hound zombie (D:6)
  2 howler monkey zombies (D:8)
  A worker ant zombie (D:6)
  19 gnolls
  A howler monkey skeleton (D:8)
  5 adders
  2 shadow imps
  4 oozes
  An adder zombie (D:7)
  An adder skeleton (D:4)
  2 worms
  A dart slug (D:1)
  4 giant geckos
  18 orcs
  A ball python (D:2)
  6 bats
  6 giant cockroaches
  9 goblins
  7 hobgoblins
  7 jackals
  7 quokkas
  3 giant newts
  4 kobolds
  A quokka skeleton (D:4)
  A quokka zombie (D:8)
  4 rats (D:1)
168 creatures vanquished.

Notes
Turn   | Place    | Note
--------------------------------------------------------------
     0 | D:1      | Gorice the Demonspawn Air Elementalist began the quest for the Orb.
     0 | D:1      | Reached XP level 1. HP: 13/13 MP: 3/3
   470 | D:1      | Reached skill level 3 in Air Magic
   485 | D:1      | Gained mutation: You have sharp fingernails. [demonic ancestry]
   485 | D:1      | Reached XP level 2. HP: 19/19 MP: 1/5
   744 | D:1      | Reached skill level 2 in Conjurations
   796 | D:1      | Reached XP level 3. HP: 24/24 MP: 2/6
  1325 | D:2      | Found a shimmering altar of Xom.
  1335 | D:2      | Learned a level 2 spell: Repel Missiles
  1338 | D:2      | Learned a level 2 spell: Swiftness
  1342 | D:2      | Found a blossoming altar of Fedhas.
  1894 | D:2      | Reached XP level 4. HP: 30/30 MP: 3/7
  1962 | D:2      | Reached skill level 3 in Conjurations
  1995 | D:2      | HP: 8/30 [adder (4)]
  2000 | D:2      | HP: 6/30 [poisoned by an adder]
  2007 | D:1      | HP: 5/30 [poisoned by an adder]
  2015 | D:1      | HP: 4/30 [poisoned by an adder]
  2713 | D:3      | Gained mutation: You regenerate a little health from kills. [demonic ancestry]
  2713 | D:3      | Reached XP level 5. HP: 35/35 MP: 4/9
  2814 | D:3      | Found an opulent altar of Gozag.
  2960 | D:3      | Found an iron altar of Okawaru.
  2984 | D:3      | Reached skill level 3 in Spellcasting
  3100 | D:3      | Found an iron altar of Okawaru.
  4087 | D:4      | Noticed an ogre
  4091 | D:3      | Reached skill level 4 in Air Magic
  4178 | D:3      | HP: 9/35 [orc priest/divine providence (14)]
  4183 | D:3      | Reached skill level 4 in Conjurations
  4183 | D:3      | Reached XP level 6. HP: 7/41 MP: 2/11
  5006 | D:4      | Found a staircase to the Ecumenical Temple.
  5021 | D:4      | Reached skill level 4 in Spellcasting
  5021 | D:4      | Gained mutation: Your flesh is cold resistant. [demonic ancestry]
  5021 | D:4      | Reached XP level 7. HP: 28/46 MP: 4/13
  5034 | D:4      | Found a glowing golden altar of the Shining One.
  5065 | Temple   | Entered the Ecumenical Temple
  5148 | Temple   | Became a worshipper of Vehumet
  5410 | D:5      | Entered Level 5 of the Dungeon
  5443 | D:5      | Reached skill level 5 in Conjurations
  5553 | D:5      | Reached skill level 5 in Air Magic
  5645 | D:5      | Found a large runed door.
  5645 | D:5      | Found a large runed door.
  5695 | D:5      | HP: 13/46 [ice beast (2)]
  5840 | D:5      | Found a large runed door.
  5840 | D:5      | Found a large runed door.
  5885 | D:5      | Gained mutation: Your muscles are strong. (Str +2) [potion of beneficial mutation]
  5998 | D:5      | Noticed a steam dragon
  6353 | D:5      | Noticed Eustachio
  6595 | D:6      | Gained mutation: You have a somewhat thin skeletal structure (Dex +2, Stealth). [demonic ancestry]
  6595 | D:6      | Reached XP level 8. HP: 37/52 MP: 8/14
  6598 | D:6      | Reached skill level 6 in Conjurations
  6657 | D:6      | Noticed Menkaure
  6670 | D:6      | Noticed vev's ghost (novice OgAM)
  6694 | D:6      | Noticed Grinder
  6746 | D:6      | Noticed Edmund
  7212 | D:7      | Learned a level 3 spell: Static Discharge
  7220 | D:7      | Reached skill level 6 in Air Magic
  7279 | D:7      | Got a transparent blowgun
  7280 | D:7      | Identified the +2 blowgun "Toengiak" {speed, rF+ Int+2 Stlth-} (You found it on level 7 of the Dungeon)
  7517 | D:7      | Reached skill level 1 in Throwing
  7517 | D:7      | Reached skill level 5 in Spellcasting
  7652 | D:7      | Reached * piety under Vehumet
  7652 | D:7      | Offered knowledge of Magic Dart by Vehumet.
  7712 | D:7      | --+2 robe Archmagi - nice!
  7874 | D:7      | Found a blossoming altar of Fedhas.
  8156 | D:8      | Reached skill level 7 in Conjurations
  8533 | D:8      | Reached XP level 9. HP: 32/57 MP: 12/16
  8535 | D:8      | Reached skill level 2 in Throwing
  8540 | D:8      | HP: 17/57 [poisoned by a killer bee]
  8548 | D:8      | HP: 15/57 [killer bee (4)]
  8549 | D:8      | Reached skill level 7 in Air Magic
  9286 | D:8      | Reached ** piety under Vehumet
  9286 | D:8      | Offered knowledge of Throw Frost by Vehumet.
  9295 | D:8      | Upgraded the game from 0.18-a0-1730-g73f0523 to 0.18-a0-1745-gffa9a88
  9309 | D:8      | Reached skill level 8 in Conjurations
  9597 | D:8      | HP: 11/57 [wraith (14)]
  9602 | D:8      | HP: 3/57 [wraith (13)]
  9602 | D:8      | Slain by a wraith

Vault maps used:
D:1:      onia_arrival_pyramid
D:2:      grunt_temple_overflow_open
D:3:      wad_woods_stonehenge, grunt_gozag_statues, kennysheep_okawaru_gauntlet
D:4:      tso_altar, minmay_temple_entry_purple_smoke
D:5:      kennysheep_steamy, bloody_trog, first_bread,
          minmay_hollow_rounded_squares, uniq_eustachio
D:6:      lemuel_coloured_pillars_altar, serial_shops, nicolae_shop_crystal,
          uniq_grinder, uniq_menkaure, uniq_edmund
D:7:      fedhas_altar_1
D:8:      lemuel_mausoleum_altar_yredelemnul
Temple:   circular_temple_12

Skill      XL: |  1  2  3  4  5  6  7  8  9 |
---------------+----------------------------+-----
Air Magic      | 3 4 5 6 7 |  7.6
Conjurations   | 2 3 4 5 7 8 |  8.0
Spellcasting   | 3 4 5 |  5.6
Throwing       | 1 2 |  2.3
Dodging        | |  1.7
Stealth        | |  1.7

Action                   |  1- 3 |  4- 6 |  7- 9 || total
-------------------------+-------+-------+-------++-------
Melee: Whip              |    20 |    19 |       ||    39
       Hand axe          |       |       |    15 ||    15
 Fire: Blowgun           |       |       |    71 ||    71
       Hunting sling     |       |       |     1 ||     1
 Cast: Shock             |    67 |   137 |   245 ||   449
       Repel Missiles    |     1 |       |     2 ||     3
       Swiftness         |       |     2 |     5 ||     7
Evoke: Wand              |       |       |     1 ||     1
  Use: Scroll            |     2 |     7 |     5 ||    14
       Potion            |       |       |     4 ||     4
 Stab: Sleeping          |       |       |     1 ||     1
  Eat: Chunk             |     4 |     9 |    31 ||    44

Table legend:
 A = Turns spent in this place as a percentage of turns spent in the entire game.
 B = Non-inter-level travel turns spent in this place as a percentage of non-inter-level travel turns spent in the entire game.
 C = Inter-level travel turns spent in this place as a percentage of turns spent in this place.
 D = Turns resting spent in this place as a percentage of non-inter-level travel turns spent in this place.
 E = Turns spent auto-exploring this place as a percentage of non-inter-level travel turns spent in this place.
 F = Non-inter-level travel turns spent in this place divided by the number of levels of this place that you've seen.
                   A       B       C       D       E      F
               +-------+-------+-------+-------+-------+----------------------
         Total | 100.0 | 100.0 |   0.4 |   5.0 |   4.3 | 414.3
       Dungeon |  97.7 |  97.7 |   0.4 |   5.1 |   4.4 | 455.6
        Temple |   2.3 |   2.3 |   1.2 |   0.0 |   1.2 |  84.0
               +-------+-------+-------+-------+-------+----------------------

Vault maps used:
D:1:      onia_arrival_pyramid
D:2:      grunt_temple_overflow_open
D:3:      wad_woods_stonehenge, grunt_gozag_statues, kennysheep_okawaru_gauntlet
D:4:      tso_altar, minmay_temple_entry_purple_smoke
D:5:      kennysheep_steamy, bloody_trog, first_bread,
          minmay_hollow_rounded_squares, uniq_eustachio
D:6:      lemuel_coloured_pillars_altar, serial_shops, nicolae_shop_crystal,
          uniq_grinder, uniq_menkaure, uniq_edmund
D:7:      fedhas_altar_1
D:8:      lemuel_mausoleum_altar_yredelemnul
Temple:   circular_temple_12
